 Dungeon Crawl Stone Soup version 0.20.1-1-g8b1a95d (webtiles) character file.

30 zjp the Insei (level 3, -1/26 HPs)
             Began as a Demonspawn Transmuter on Dec 16, 2017.
             Killed from afar by a dart slug (3 damage)
             ... with a slug dart
             ... on level 1 of the Dungeon.
             The game lasted 00:15:02 (1292 turns).

zjp the Insei (Demonspawn Transmuter)               Turns: 1292, Time: 00:15:03

Health: -1/26      AC:  3    Str: 11    XL:     3   Next: 3%
Magic:  6/6        EV: 12    Int: 14    God:
Gold:   30         SH:  0    Dex: 13    Spells: 5/6 levels left

rFire    . . .     SeeInvis .   g - +0 hunting sling
rCold    . . .     Gourm    .   (no shield)
rNeg     . . .     Faith    .   o - +0 leather armour
rPois    .         Spirit   .   (no helmet)
rElec    .         Reflect  .   (no cloak)
rCorr    .         Harm     .   (no gloves)
MR       .....                  (no boots)
Stlth    ++........             (no amulet)
Regen    0.1/turn               (no ring)
MPRegen  0.1/turn               (no ring)

@: no status effects
A: nightstalker 1
a: no special abilities


You were on level 1 of the Dungeon.
You were not hungry.

You visited 1 branch of the dungeon, and saw 1 of its levels.

You collected 30 gold pieces.

Inventory:

Hand Weapons
 d - a +0 dagger
 e - a +0 whip
 g - a +0 hunting sling (weapon)
 m - a +0 dagger
Missiles
 a - 12 arrows
 h - 72 stones (quivered)
Armour
 b - a +0 robe
 o - a +0 leather armour (worn)
 p - a +0 cloak
Scrolls
 f - a scroll of fog {unknown}
 i - a scroll of random uselessness {unknown}
 k - a scroll of fear {unknown}
 l - a scroll of immolation {unknown}
 q - a scroll of identify {unknown}
Books
 c - a book of Changes

   Spells                             Type                      Level
   a - Beastly Appendage              Transmutation                1
   b - Sticks to Snakes               Transmutation                2
   c - Spider Form                    Transmutation/Poison         3
   d - Ice Form                       Ice/Transmutation            4
   e - Blade Hands                    Transmutation                5
Comestibles
 j - a meat ration
 n - a bread ration


   Skills:
 + Level 1.0 Fighting
 + Level 0.5 Maces & Flails
 + Level 1.3 Slings
 + Level 1.9 Dodging
 + Level 3.0 Unarmed Combat
 + Level 2.1 Spellcasting
 + Level 1.9 Transmutations


You had 5 spell levels left.
You knew the following spells:

 Your Spells              Type           Power        Failure   Level  Hunger
a - Beastly Appendage     Tmut           #.....       14%         1    ##.....


Dungeon Overview and Level Annotations

Branches:
Dungeon (1/15)

Altars:


Innate Abilities, Weirdness & Mutations

You are slightly more attuned to the shadows.


Message History

a club; a dagger; a hobgoblin corpse; a kobold corpse You hit the dart slug but do no damage.
The dart slug launches a dart at you. The slug dart hits you!
* * * LOW HITPOINT WARNING * * *
You hit the dart slug but do no damage. The dart slug bites you.
* * * LOW HITPOINT WARNING * * *
You hit the dart slug.
The dart slug is moderately wounded.
You hit the dart slug.
The dart slug is heavily wounded.
The dart slug misses you. The dart slug launches a dart at you.
The slug dart hits you!
Wield which item (- for none, * to show all)? (? for menu, Esc to quit)
g - a +0 hunting sling (weapon)
You swing at nothing.
The dart slug launches a dart at you. The slug dart hits you!
You die...

..#..####...###...####..###
.....#################....#
..).###.# #..# ##...#
...##.#.# #..# ##..#
.####.#.# #..# #..# .#
##.#.# #..# ##.# .###..#.#
#..# #.#
.##...#.########..# #.#
#(().....w...@.# ##.#
..$..(#.###.#.....######..#
####.##...>.......†......##
#. ######.#####.####### #
#.# #.#
#########...#......#
........############
.⌠..........###
..........⌠...##


You could see a dart slug.

Vanquished Creatures
  An ooze (D:1)
  3 leopard geckos (D:1)
  3 goblins (D:1)
  2 hobgoblins (D:1)
  2 jackals (D:1)
  3 kobolds (D:1)
  2 ball pythons (D:1)
  A bat (D:1)
  2 frilled lizards (D:1)
  2 rats (D:1)
21 creatures vanquished.

Notes
Turn   | Place    | Note
-------+----------+-------------------------------------------
     0 | D:1      | zjp the Demonspawn Transmuter began the quest for the Orb.
     0 | D:1      | Reached XP level 1. HP: 15/15 MP: 3/3
   248 | D:1      | Reached skill level 3 in Unarmed Combat
   248 | D:1      | Gained mutation: You are slightly more attuned to the shadows. [demonic ancestry]
   248 | D:1      | Reached XP level 2. HP: 14/21 MP: 5/5
   779 | D:1      | Reached skill level 1 in Slings
   879 | D:1      | HP: 1/21 [ball python (1)]
  1264 | D:1      | Reached XP level 3. HP: 24/26 MP: 6/6
  1278 | D:1      | HP: 1/26 [dart slug (2)]
  1292 | D:1      | Killed from afar by a dart slug

Skill      XL: |  1  2 |
---------------+-------+-----
Unarmed Combat | 3 |  3.0
Slings         | 1 |  1.3
Fighting       | |  1.0
Maces & Flails | |  0.5
Dodging        | |  1.9
Spellcasting   | |  2.1
Transmutations | |  1.9

Action                   || total
-------------------------++-------
Melee: Whip              ||    62
       Dagger            ||    20
 Fire: Hunting sling     ||    34
 Cast: Beastly Appendage ||     2
  Eat: Bread ration      ||     1
Armor: Leather armour    ||    43
Dodge: Dodged            ||    91
